 Dungeon Crawl Stone Soup version 0.26.1-2-gb8aa6d0cf2 (webtiles) character file.

Game seed: 13001027592420635208

3743 Groucho the Unseen (level 9, -16/39 HPs)
             Began as a Spriggan Enchanter on Mar 18, 2021.
             Was a Follower of Kikubaaqudgha.
             Killed by the air
             ... invoked by Gastronok
              (26 damage)
             ... on level 8 of the Dungeon.
             The game lasted 00:21:19 (17973 turns).

Groucho the Unseen (Spriggan Enchanter)            Turns: 17973, Time: 00:21:20

Health: -16/39     AC:  5    Str:  7    XL:     9   Next: 93%
Magic:  21/22      EV: 18    Int: 16    God:    Kikubaaqudgha [*.....]
Gold:   322        SH:  0    Dex: 17    Spells: 12/25 levels left

rFire    . . .     SeeInvis +   J - +4 dagger (curse)
rCold    . . .     Faith    .   (shield restricted)
rNeg     . . .     Spirit   .   s - +2 robe {Archmagi}
rPois    .         Reflect  .   (helmet restricted)
rElec    .         Harm     .   d - +0 cloak
rCorr    .         Rampage  .   (gloves unavailable)
Will     +....                  (boots unavailable)
Stlth    ++++++....             l - amulet of the acrobat
HPRegen  0.13/turn              (no ring)
MPRegen  0.18/turn              (no ring)

@: slowed, quick
A: very small, unfitting armour, see invisible, speed 3
a: Renounce Religion, Receive Corpses


You were on level 8 of the Dungeon.
You worshipped Kikubaaqudgha.
Kikubaaqudgha was aware of your devotion.
You visited 2 branches of the dungeon, and saw 9 of its levels.

You collected 388 gold pieces.
You spent 66 gold pieces at shops.

Inventory:

Hand Weapons
 a - a +2 dagger
 J - a cursed +4 dagger (weapon)
Missiles
 k - 16 poisoned darts (quivered)
Armour
 b - a +0 robe
 d - a +0 cloak (worn)
 s - a +2 robe of the Archmagi (worn)
Jewellery
 l - an amulet of the acrobat (around neck)
 m - an uncursed amulet of faith
 n - an uncursed amulet of magic regeneration
 B - an uncursed amulet of guardian spirit {unknown}
 H - a cursed +6 ring of strength {unknown}
Wands
 x - a wand of enslavement (6)
 D - a wand of paralysis (4)
 E - a wand of acid (8)
 G - a wand of random effects (16)
 I - a wand of iceblast (5)
 K - a wand of flame (15)
Scrolls
 e - 8 scrolls of identify
 g - 4 scrolls of remove curse
 h - 4 scrolls of teleportation
 i - 2 scrolls of fog
 o - 2 scrolls of enchant weapon
 r - a scroll of magic mapping
 v - a scroll of blinking
 w - a scroll of enchant armour {unknown}
 y - a scroll of noise
 F - a scroll of immolation {unknown}
 L - a scroll of brand weapon {unknown}
Potions
 c - 5 potions of curing
 f - 2 potions of haste
 j - a potion of might {unknown}
 p - a potion of flight {unknown}
 q - a potion of ambrosia
 t - 2 potions of heal wounds {unknown}
 u - a potion of attraction
 z - a potion of berserk rage {unknown}
 A - a potion of mutation {unknown}
 C - 3 potions of degeneration


   Skills:
 - Level 0.1 Fighting
 - Level 1.1 Short Blades
 - Level 3.0 Dodging
 * Level 15.6 Stealth
 + Level 8.7 Spellcasting
 + Level 9.0 Hexes
 - Level 0.1 Ice Magic


You had 12 spell levels left.
You knew the following spells:

 Your Spells              Type           Power        Failure   Level
a - Corona                Hex            57%          1%          1
b - Ensorcelled Hibernat  Hex/Ice        64%          2%          2
c - Confusing Touch       Hex            52%          1%          3
d - Dazzling Flash        Conj/Hex       64%          4%          3
e - Tukima's Dance        Hex            52%          1%          3
f - Apportation           Tloc           20%          11%         1

Your spell library contained the following spells:

 Spells                   Type           Power        Failure   Level
 Animate Skeleton         Necr           20%          11%         1
 Pain                     Necr           40%          11%         1
 Summon Small Mammal      Summ           40%          11%         1
 Corpse Rot               Necr/Air       N/A          16%         2
 Sublimation of Blood     Necr           5%           16%         2
 Vampiric Draining        Necr           5%           30%         3


Dungeon Overview and Level Annotations

Branches:
Dungeon (8/15)             Temple (1/1) D:4
   Lair: D:8-11

Altars:
Ashenzari
Cheibriados
Dithmenos
Elyvilon
Fedhas
Gozag
Hepliaklqana
Kikubaaqudgha
Makhleb
Nemelex Xobeh
Okawaru
Qazlal
Ru
Sif Muna
Trog
Uskayaw
Vehumet
Wu Jian
Xom
Yredelemnul
Zin
The Shining One

Shops:
D:4 *   D:5 *   D:6 }   D:7 ?

Annotations:
D:3 3 runed translucent doors, grovkorv's ghost, amateur KoVM
D:8 Gastronok


Innate Abilities, Weirdness & Mutations

You are very small and have problems with some larger weapons.
You are too small for most types of armour.
You have supernaturally acute eyesight. (SInv)
You cover ground extremely quickly.


Message History

Gastronok gurgles, "I bet you'll be tasty."
Gastronok casts a spell at you.
You feel as though you will be slow longer.
The bat misses you.
You see here a potion of curing.
c - 5 potions of curing (gained 1)
The bat completely misses you. The bat misses you.
The bat hits you but does no damage. The bat completely misses you.
The bat misses you.
Your hands stop glowing.
The bat completely misses you.
There is an escape hatch in the ceiling here.
The bat misses you.
Gastronok waves his eye-stalks in wide circles.
The air twists around and strikes you!!
Ouch! That really hurt!
You die...
Kikubaaqudgha rasps: "You have failed me!
Welcome... death!"

.........##................># #
.........#........#####.#...# #
########...#......# #.##..#
##########......# #.##..#
:.......# #......# #.##..#
........# #......# #.##..#####
........##############..........
................................
..............@...####.........
# #..........w.b....# #.........
#######......^......# #.........
.## #...≈..####'### #####+####
.8# #..≈≈..# #.# ####(#### .##
#...≈.(# #.. ......... .#
#......# #### ........# .##
#......# ......>.' .8# #......#
........#


You could see Gastronok (swift) and a bat (summoned).

Vanquished Creatures
  Erica (D:8)
  Prince Ribbit (D:5)
  Sigmund (D:3)
  Eustachio (D:5)
  Menkaure (D:5)
  Duvessa (D:5)
  A sky beast (D:8)
  2 ice beasts
  2 phantoms
  An ogre (D:4)
  2 centaurs
  3 bullfrogs
  A scorpion (D:8)
  Dowan (D:5)
  7 killer bees (D:7)
  9 wights
  A centaur zombie (D:6)
  A hound (D:2)
  3 jellies
  3 orc wizards
  A bullfrog skeleton (D:8)
  Jessica (D:2)
  Terence (D:2)
  2 iguanas (D:4)
  5 worker ants
  A hound zombie (D:7)
  A hound skeleton (D:6)
  A howler monkey skeleton (D:4)
  A worker ant zombie (D:6)
  11 adders
  A white imp (D:8)
  An adder zombie (D:6)
  An adder skeleton (D:8)
  A worm (D:2)
  4 dart slugs
  6 leopard geckos
  10 orcs
  A ball python (D:2)
  10 giant cockroaches
  9 goblins
  8 hobgoblins
  11 jackals
  7 kobolds
  3 quokkas
  9 bats
  10 frilled lizards
  7 rats
167 creatures vanquished.

Vanquished Creatures (others)
  4 plants (D:1)
4 creatures vanquished.

Grand Total: 171 creatures vanquished

Notes
Turn   | Place    | Note
-------+----------+-------------------------------------------
     0 | D:1      | Groucho the Spriggan Enchanter began the quest for the Orb.
     0 | D:1      | Reached XP level 1. HP: 9/9 MP: 5/5
   454 | D:1      | Reached skill level 5 in Stealth
  1064 | D:1      | Reached XP level 2. HP: 13/13 MP: 6/6
  2487 | D:2      | Learned a level 2 spell: Ensorcelled Hibernation
  2491 | D:1      | Reached skill level 6 in Stealth
  3901 | D:1      | Reached XP level 3. HP: 15/16 MP: 8/8
  4964 | D:2      | Reached skill level 7 in Stealth
  5031 | D:2      | Found a hazy altar of Hepliaklqana.
  5406 | D:2      | Reached XP level 4. HP: 20/21 MP: 9/9
  6395 | D:2      | Noticed Jessica
  6402 | D:2      | Killed Jessica
  6407 | D:2      | Learned a level 3 spell: Confusing Touch
  6411 | D:2      | Learned a level 3 spell: Dazzling Flash
  6599 | D:2      | Reached skill level 8 in Stealth
  6599 | D:2      | Reached XP level 5. HP: 18/24 MP: 5/10
  7007 | D:2      | Noticed Terence
  7015 | D:2      | Killed Terence
  7643 | D:3      | Noticed Sigmund
  7648 | D:3      | Killed Sigmund
  7649 | D:3      | Reached skill level 9 in Stealth
  7649 | D:3      | Reached XP level 6. HP: 28/28 MP: 9/13
  7796 | D:3      | Found a runed translucent gate.
  7799 | D:3      | Found a runed translucent gate.
  7800 | D:3      | Found a runed translucent gate.
  7801 | D:3      | Noticed grovkorv's ghost (amateur KoVM)
  7802 | D:3      | Identified the cursed +0 whip of Duledost {elec, Will+}
  9779 | D:4      | Reached skill level 5 in Hexes
  9797 | D:4      | Noticed an ice beast
  9807 | D:4      | Killed an ice beast
  9808 | D:4      | Reached skill level 10 in Stealth
  9808 | D:4      | Reached XP level 7. HP: 32/32 MP: 10/14
  9875 | D:4      | Found a staircase to the Ecumenical Temple.
 10001 | Temple   | Entered the Ecumenical Temple
 10168 | Temple   | Became a worshipper of Kikubaaqudgha
 10833 | D:4      | Reached skill level 5 in Spellcasting
 11005 | D:4      | Reached skill level 11 in Stealth
 11078 | D:4      | Found Gotois's General Store.
 11082 | D:4      | Bought a scroll of teleportation for 33 gold pieces
 11082 | D:4      | Bought a potion of curing for 33 gold pieces
 11202 | D:5      | Entered Level 5 of the Dungeon
 11202 | D:5      | Noticed Menkaure
 11209 | D:5      | Killed Menkaure
 11364 | D:5      | Noticed Prince Ribbit
 11397 | D:5      | Killed Prince Ribbit
 11398 | D:5      | Reached XP level 8. HP: 28/36 MP: 12/17
 11539 | D:5      | Noticed Eustachio
 11541 | D:5      | Killed Eustachio
 11542 | D:5      | Reached skill level 12 in Stealth
 11580 | D:5      | Noticed Dowan
 11581 | D:5      | Noticed Duvessa
 11930 | D:5      | Killed Dowan
 12311 | D:5      | Killed Duvessa
 12401 | D:5      | Found Jemor's Lightly-Used Armoury.
 13377 | D:6      | Found a sparkling altar of Nemelex Xobeh.
 13452 | D:6      | Found Terghadu's Gadget Boutique.
 14190 | D:7      | Reached skill level 13 in Stealth
 14295 | D:7      | Reached * piety under Kikubaaqudgha
 14295 | D:7      | Identified Kikubaaqudgha's Handbook of Stolen Souls
                  | (Kikubaaqudgha gifted it to you on level 7 of the Dungeon)
 14295 | D:7      | Received a gift from Kikubaaqudgha
 14996 | D:7      | Found a burning altar of Makhleb.
 15024 | D:7      | Reached XP level 9. HP: 39/39 MP: 17/20
 15620 | D:7      | Found Tehaaploa's Magic Scroll Emporium.
 15695 | D:7      | Reached skill level 14 in Stealth
 17092 | D:8      | Found a shimmering blue altar of Sif Muna.
 17106 | D:8      | Learned a level 3 spell: Tukima's Dance
 17108 | D:8      | Learned a level 1 spell: Apportation
 17108 | D:8      | Identified Sif Muna's Compendium of the Entourage
 17251 | D:8      | Found a burning altar of Makhleb.
 17252 | D:8      | Found a glowing golden altar of the Shining One.
 17253 | D:8      | Found an opulent altar of Gozag.
 17291 | D:8      | Noticed Erica
 17325 | D:8      | Killed Erica
 17326 | D:8      | Reached skill level 15 in Stealth
 17949 | D:8      | Noticed Gastronok
 17973 | D:8      | Killed from afar by Gastronok

Illustrated notes

Levels and vault maps discovered:
D:1:      eino_arrival_water_cross, layout_basic, minmay_tromino_v2
D:2:      layout_basic, nzn_hepliaklqana_mist_gate, serial_corexii_hall,
          chequers_hall_statues_wall_a, corexii_hall_statues_i,
          corexii_hall_statues_t, corexii_hall_statues_t, corexii_corridor_pit,
          uniq_jessica, uniq_terence
D:3:      layout_basic, gammafunk_ghost_nasty_kobolds, uniq_sigmund
D:4:      layout_basic, minmay_temple_entry_large_hall, serial_shops,
          nicolae_shop_behind_doors, minivault_19, hangedman_decor_lopped,
          hangedman_decor_push
D:5:      layout_basic, hangedman_decor_diamond_cutter, minmay_shop_damaged,
          uniq_eustachio, uniq_menkaure, uniq_prince_ribbit1, uniq_duvessa
D:6:      layout_basic, nemelex_xobeh_ov_fountains_minmay, serial_shops,
          nicolae_shop_window_shopping
D:7:      layout_loops_ring, serial_shops, nicolae_shop_crystal,
          hangedman_abyss_or_decor_passed, lemuel_altar_in_water
D:8:      layout_basic, led_sif_book,
          chequers_temple_overflow_statue_of_worship, serial_corexii_hall,
          corexii_hall_statues_x, chequers_hall_statues_wall_a,
          chequers_hall_statues_corner_a, corexii_hall_statues_u,
          gup_ossuary_entry_pyramid, uniq_erica, uniq_harold, uniq_gastronok
Temple:   nicolae_temple_elliptical

Skill      XL: |  1  2  3  4  5  6  7  8  9 |
---------------+----------------------------+-----
Stealth        | 5 6 7 8 9 10 11 13 15 | 15.6
Spellcasting   | 3 4 5 7 8 |  8.7
Hexes          | 4 5 6 7 9 |  9.0
Fighting       | |  0.1
Short Blades   | |  1.1
Dodging        | |  3.0
Ice Magic      | |  0.1

Action                   |  1- 3 |  4- 6 |  7- 9 || total
-------------------------+-------+-------+-------++-------
Melee: Dagger            |   167 |   153 |   303 ||   623
Throw: Dart              |     3 |     3 |       ||     6
 Cast: Ensorcelled Hiber |    22 |    27 |    26 ||    75
       Dazzling Flash    |       |     1 |     1 ||     2
       Confusing Touch   |       |     3 |    37 ||    40
       Apportation       |       |       |     7 ||     7
Evoke: Wand              |       |       |    10 ||    10
  Use: Scroll            |     2 |     1 |     5 ||     8
       Potion            |       |       |    12 ||    12
 Stab: Sleeping          |    20 |    31 |    35 ||    86
       Distracted        |     1 |       |       ||     1
       Confused          |       |     3 |    27 ||    30
       Invisible         |       |       |     1 ||     1
Armor: Robe              |    17 |    13 |    35 ||    65
Dodge: Dodged            |   139 |   128 |   236 ||   503
